 Dungeon Crawl Stone Soup version 0.30-a0-800-g7c544603b3 (webtiles) character file.

Game seed: 12952125953212566653

122 dialectric the Trooper (level 5, -2/34 HPs)
             Began as a Gargoyle Fighter on Feb 22, 2023.
             Slain by an ice beast (5 damage)
             ... on level 3 of the Dungeon.
             The game lasted 00:02:21 (1621 turns).

dialectric the Trooper (Gargoyle Fighter)           Turns: 1621, Time: 00:02:22

Health: -2/34      AC: 16    Str: 22    XL:     5   Next: 6%
Magic:  5/5        EV: 10    Int:  8    God:
Gold:   84         SH:  0    Dex:  9    Spells: 4/4 levels left

rFire   . . .      SeeInvis .    a - +0 flail
rCold   + . .      Faith    .    (no shield)
rNeg    + + .      Spirit   .    b - +0 scale mail
rPois   ∞          Reflect  .    f - +0 helmet
rElec   +          Harm     .    o - +0 cloak
rCorr   .          Rampage  .    s - +2 pair of gloves of Asceticism {rC+}
Will    .....                    (no boots) Stlth
                                 (no amulet)
HPRegen 0.25/turn                r - ring of positive energy
MPRegen 0.09/turn                (no ring)

@: hasted, very quick
A: sickness immunity, AC +4, negative energy resistance 1, electricity
resistance, torment resistance 1, petrification resistance
a: no special abilities


You were on level 3 of the Dungeon.
You visited 1 branch of the dungeon, and saw 3 of its levels.

You collected 84 gold pieces.

Inventory:

Hand Weapons
 a - a +0 flail (weapon)
Missiles
 p - a throwing net (quivered)
Armour
 b - a +0 scale mail (worn)
 c - a +0 buckler
 f - a +0 helmet (worn)
 l - a scarf of shadows
 o - a +0 cloak (worn)
 s - the +2 pair of gloves of Asceticism (worn) {rC+}
   (You found it on level 3 of the Dungeon)

   rC:        It protects you from cold.
Jewellery
 r - a ring of positive energy (left hand)
Wands
 u - a wand of polymorph (12)
Scrolls
 e - 2 scrolls of enchant weapon {unknown}
 g - 2 scrolls of vulnerability {unknown}
 h - a scroll of identify {unknown}
 i - 2 scrolls of teleportation {unknown}
 j - 2 scrolls of fog {unknown}
 m - a scroll of fear {unknown}
 q - a scroll of poison {unknown}
Potions
 d - a potion of might
 k - a potion of mutation {unknown}
 n - 2 potions of attraction {unknown}
 t - a potion of haste


   Skills:
 * Level 4.4 Fighting
 + Level 3.2 Maces & Flails
 + Level 4.0 Armour
 - Level 1.0 Dodging
 - Level 3.2 Shields


You had 4 spell levels left.
You didn't know any spells.
Your spell library contained the following spells:

 Spells                   Type           Power      Damage    Failure   Level
 Lesser Beckoning         Tloc           0%         N/A       86%         2
 Gell's Gravitas          Tloc           0%         N/A       97%         3
 Teleport Other           Tloc           0%         N/A       97%         3


Dungeon Overview and Level Annotations

Branches:
Dungeon (3/15)

Altars:


Innate Abilities, Weirdness & Mutations

You are immune to sickness and miasma.
Your stone body is resilient. (AC +4)
You are immune to poison.
You resist negative energy. (rN+)
You are resistant to electric shocks. (rElec)
You are resistant to unholy torment.
You are immune to petrification.


Message History

The ice beast misses you.
You hit the ice beast.
The ice beast is moderately wounded.
The ice beast hits you but does no damage.
You hit the ice beast.
The ice beast is heavily wounded.
The ice beast hits you. The ice beast freezes you. You resist.
You barely miss the ice beast.
The ice beast is heavily wounded.
The ice beast closely misses you.
You completely miss the ice beast.
The ice beast is heavily wounded.
The ice beast hits you. The ice beast freezes you. You resist.
The ice beast hits you but does no damage.
You are too injured to fight recklessly!
You are too injured to fight recklessly!
You are too injured to fight recklessly!
You are too injured to fight recklessly!
You are too injured to fight recklessly!
You are too injured to fight recklessly!
Unknown command.
You hit the ice beast.
The ice beast is severely wounded.
The ice beast hits you.
* * * LOW HITPOINT WARNING * * *
The ice beast freezes you. You resist.
* * * LOW HITPOINT WARNING * * *
You hit the ice beast.
The ice beast is severely wounded.
The ice beast hits you but does no damage.
You closely miss the ice beast.
The ice beast is severely wounded.
The ice beast hits you but does no damage.
Unknown command.
The ice beast attacks as you move away!
The ice beast hits you but does no damage.
It was a potion of haste.
You feel yourself speed up. The ice beast hits you.
* * * LOW HITPOINT WARNING * * *
The ice beast freezes you. You resist.
You die...

# ####### #.
#.....# #..
#.....#
#...###.....#
#....Y@!....#
#...###.....#
#..
##.....### #.
#........###
#
#......#...#
#.......##)#
.......##.# #
........##)#
........##<#


You could see an ice beast.

Vanquished Creatures
  4 gnolls
  2 adders
  2 worms (D:2)
  2 dart slugs (D:1)
  An orc (D:3)
  4 bats
  6 endoplasms
  3 giant cockroaches
  3 goblins
  A hobgoblin (D:1)
  9 jackals
  A quokka (D:1)
  5 ball pythons
  3 frilled lizards
  3 kobolds
  3 rats
52 creatures vanquished.

Notes
Turn   | Place    | Note
-------+----------+-------------------------------------------
     0 | D:1      | dialectric the Gargoyle Fighter began the quest for the
                  | Orb.
     0 | D:1      | Reached XP level 1. HP: 14/14 MP: 1/1
    91 | D:1      | Reached XP level 2. HP: 19/19 MP: 2/2
   593 | D:1      | Reached XP level 3. HP: 24/24 MP: 3/3
   958 | D:2      | Reached XP level 4. HP: 7/29 MP: 4/4
   966 | D:2      | HP: 1/29 [gnoll/+0 flail (5)]
  1494 | D:2      | Reached skill level 1 in Dodging
  1571 | D:3      | Reached XP level 5. HP: 34/34 MP: 5/5
  1573 | D:3      | Identified the +2 pair of gloves of Asceticism {rC+}
  1606 | D:3      | Noticed an ice beast
  1621 | D:3      | Slain by an ice beast

Illustrated notes

Levels and vault maps discovered:
D:1:      dpeg_chamrin_arrival_tetris, layout_basic,
          chequers_serial_rivers_micro_e, minmay_tromino_i4
D:2:      layout_basic
D:3:      minmay_roachtagon, layout_rooms, nicolae_elyvilon_peaceful_grove,
          mainiacjoe_overflow_small_starburst,
          dilly_ecumenical_altar_fadedgnrine

Skill      XL: |  1  2  3  4 |
---------------+-------------+-----
Fighting       | 4 |  4.4
Maces & Flails | 3 |  3.2
Armour         | 4 |  4.0
Dodging        | 1 |  1.0
Shields        | |  3.2

Action                     |  1- 3 |  4- 6 || total
---------------------------+-------+-------++-------
  Melee: Flail             |    79 |   100 ||   179
         Punch             |     1 |       ||     1
    Use: Potion            |       |     1 ||     1
 Armour: Scale mail        |    70 |    62 ||   132
  Dodge: Dodged            |    60 |    67 ||   127
  Block: Buckler           |     1 |       ||     1

Table legend: (Time is in decaauts)
 A = Elapsed time spent in this place.
 B = Non-inter-level travel time spent in this place.
 C = Inter-level travel time spent in this place.
 D = Time resting spent in this place.
 E = Time spent auto-exploring this place.
 F = Levels seen in this place.
 G = Mean time per level.
                   A        B        C        D        E       F      G
               +--------+--------+--------+--------+--------+-----+--------+
         Total |   1670 |   1649 |     21 |    168 |    974 |   3 |  556.7 |
       Dungeon |   1670 |   1649 |     21 |    168 |    974 |   3 |  556.7 |
               +--------+--------+--------+--------+--------+-----+--------+

Top non-repeatable levels by time:
     D:1: 825 daAuts
     D:2: 774 daAuts
     D:3: 70 daAuts
